 Dungeon Crawl Stone Soup version 0.29-a0-330-g52719c12eb (webtiles) character file.

Game seed: 610788624905142484

809 Ajdolov the Fighter (level 7, -4/120 HPs)
             Began as an Ogre Warper on May 12, 2022.
             Slain by a killer bee (5 damage)
             ... on level 4 of the Dungeon.
             The game lasted 00:09:11 (4504 turns).

Ajdolov the Fighter (Ogre Warper)                   Turns: 4504, Time: 00:09:11

Health: -4/120     AC: 23    Str: 16    XL:     7   Next: 92%
Magic:  10/10      EV:  1    Int: 16    God:
Gold:   102        SH:  0    Dex:  8    Spells: 10/10 levels left

rFire   . . .      SeeInvis .   t - +2 broad axe (venom)
rCold   . . .      Faith    .   (no shield)
rNeg    . . .      Spirit   .   (body armour currently unavailable)
rPois   +          Reflect  .   (helmet currently unavailable)
rElec   .          Harm     .   (cloak currently unavailable)
rCorr   .          Rampage  .   (gloves unavailable)
Will    .....      NoTele   +   (boots unavailable)
Stlth   +.........              p - amulet of regeneration
HPRegen 1.10/turn               n - ring of flight
MPRegen 0.12/turn               (no ring)

@: mighty, lethally poisoned (-4 -> -5), tree-form, attractive
A: stationary, stasis, torment immunity, boosted hp, large, unfitting armour,
(tough skin 1)
a: no special abilities


You were on level 4 of the Dungeon.
You were a tree.
You visited 1 branch of the dungeon, and saw 4 of its levels.

You collected 284 gold pieces.
You spent 182 gold pieces at shops.

Inventory:

Hand Weapons
 t - a +2 broad axe of venom (weapon)
Missiles
 d - 6 boomerangs of dispersal (quivered)
 o - 3 throwing nets
 s - 2 boomerangs
Armour
 b - a +0 robe (melded)
Jewellery
 n - a ring of flight (left branch)
 p - an amulet of regeneration (around neck)
Scrolls
 a - 3 scrolls of summoning {unknown}
 c - 2 scrolls of blinking
 h - 7 scrolls of identify {unknown}
 j - a scroll of noise {unknown}
 k - 3 scrolls of immolation {unknown}
 l - 2 scrolls of magic mapping {unknown}
 q - a scroll of silence {unknown}
 r - 4 scrolls of fear {unknown}
 u - a scroll of brand weapon {unknown}
 v - a scroll of teleportation {unknown}
 w - a scroll of enchant armour {unknown}
Potions
 e - 2 potions of flight
 i - a potion of attraction


   Skills:
 + Level 8.1 Fighting
 * Level 5.2(5.7) Axes
 - Level 3.2(4.4) Maces & Flails
 - Level 1.0 Throwing
 - Level 2.1 Dodging
 - Level 2.4 Spellcasting
 - Level 2.6 Translocations


You had 10 spell levels left.
You didn't know any spells.
Your spell library contained the following spells:

 Spells                   Type           Power      Damage    Failure   Level
 Blink                    Tloc           20%        N/A       10%         2
 Gell's Gravitas          Tloc           10%        N/A       21%         3
 Lesser Beckoning         Tloc           10%        N/A       21%         3
 Teleport Other           Tloc           10%        N/A       21%         3
 Manifold Assault         Tloc           10%        N/A       88%         5


Dungeon Overview and Level Annotations

Branches:
Dungeon (4/15)
 Temple: D:4-7

Altars:
Ashenzari
Sif Muna

Shops:
D:3 (

Annotations:
D:3 1 runed translucent door, Crazy Yiuf
D:4 Natasha


Innate Abilities, Weirdness & Mutations

You are a tree.
Your roots penetrate the ground, keeping you stationary.
You cannot be teleported.
You are immune to unholy pain and torment.
Your maximum health is greatly increased.
Your equipment is partially melded.
You are too large for most types of armour.
((You have tough skin. (AC +1)))


Message History

* * * LOW HITPOINT WARNING * * *
The killer bee barely misses you.
The crimson imp blinks!
The killer bee stings you.
* * * LOW HITPOINT WARNING * * *
The white imp is attracted toward you.
It was a potion of lignification.
You turn into a tree.
Your +0 robe melds into your body.
Your roots penetrate the ground.
* * * LOW HITPOINT WARNING * * *
You feel very sick.
The killer bee stings you but does no damage. x2
Okay, then.
It was a potion of curing.
You feel better.
The killer bee stings you but does no damage.
Natasha extends her claws.
The killer bee stings you but does no damage.
You miss the killer bee.
The killer bee is moderately wounded.
The killer bee stings you but does no damage.
The killer bee stings you.
* * * LOW HITPOINT WARNING * * *
You are poisoned.
The killer bee poisons you! The killer bee stings you.
* * * LOW HITPOINT WARNING * * *
It was a potion of might.
You feel very mighty all of a sudden.
* * * LOW HITPOINT WARNING * * *
You feel sick.
The killer bee stings you but does no damage. x2
You barely miss the killer bee.
The killer bee is moderately wounded.
* * * LOW HITPOINT WARNING * * *
You feel sick.
The killer bee stings you but does no damage. x2
Unknown command.
You closely miss the killer bee.
The killer bee is moderately wounded.
You feel sick.
The killer bee stings you but does no damage. x2
The killer bee stings you.
You die...

#.........#...##...# #####
##.........###.##...#####...###
#.†.....######.##...'.....#...#
#....####..⌠##÷##....###.<#.#.#
#....#......##.#####.###.####..
#...##..)...##)#####..##..†...#
##...#...#...##.##..[....#.)....
#....#...#....#.###......#.....#
#...##...##...#♣#h##.....#....##
#...#.....#...#y#..##....#...##.
#...#.....#...#55.5.##...#..##..
#...#..[..#...#5.....##..#.##...
#...#..⌠..#...#.#.....######....
#...#..)..#...#.#......#...#...[
#...#.....#...#.########._.#####
#...#.....#...#.#......'...#....
#...##...##...#...)....######...


You could see a killer bee, 2 crimson imps and a white imp (summoned).

Vanquished Creatures
  Grinder (D:4)
  A centaur (D:4)
  A necrophage (D:4)
  A scorpion (D:4)
  2 killer bees (D:4)
  A howler monkey (D:4)
  A hound (D:4)
  An orc priest (D:3)
  Jessica (D:2)
  2 orc wizards
  Natasha (D:4)
  Robin (D:3)
  4 adders
  A worm (D:3)
  3 dart slugs
  3 orcs
  8 ball pythons
  7 endoplasms
  6 giant cockroaches
  17 goblins
  7 hobgoblins
  4 jackals
  6 kobolds
  4 quokkas
  2 bats
  A frilled lizard (D:1)
  A rat (D:1)
88 creatures vanquished.

Notes
Turn   | Place    | Note
-------+----------+-------------------------------------------
     0 | D:1      | Ajdolov the Ogre Warper began the quest for the Orb.
     0 | D:1      | Reached XP level 1. HP: 22/22 MP: 3/3
    40 | D:1      | Reached skill level 3 in Fighting
   111 | D:1      | Noticed a floating eye
   122 | D:1      | Found a faded altar of an unknown god.
   242 | D:1      | Noticed a floating eye
   242 | D:1      | Noticed an eye of devastation
   242 | D:1      | Noticed a great orb of eyes
   279 | D:1      | Reached XP level 2. HP: 17/31 MP: 5/5
   292 | D:1      | HP: 1/31 [kobold/+0 short sword (3)]
  1135 | D:1      | Reached skill level 4 in Fighting
  1208 | D:1      | Reached XP level 3. HP: 34/39 MP: 6/6
  2117 | D:2      | Noticed Jessica
  2121 | D:2      | Killed Jessica
  2122 | D:2      | Reached skill level 5 in Fighting
  2122 | D:2      | Reached XP level 4. HP: 50/50 MP: 7/7
  2487 | D:2      | You are sucked into a shaft and drop 1 floor!
  2487 | D:3      | Found Maul's Antique Weapon Shop.
  2775 | D:3      | Identified the +3 leather armour of Togumev {rElec Str+4
                  | Int+4 Slay-2}
  3108 | D:3      | Found a shimmering blue altar of Sif Muna.
  3395 | D:2      | Reached XP level 5. HP: 48/59 MP: 8/8
  3413 | D:3      | Reached skill level 6 in Fighting
  3532 | D:3      | Found a runed translucent door.
  3533 | D:3      | Noticed Crazy Yiuf
  3607 | D:4      | Noticed Robin
  3676 | D:3      | Bought a runed broad axe for 182 gold pieces
  3700 | D:3      | Killed Robin
  3720 | D:4      | Reached skill level 1 in Axes
  3725 | D:4      | Reached XP level 6. HP: 67/68 MP: 9/9
  3956 | D:4      | Reached skill level 7 in Fighting
  4141 | D:4      | Reached XP level 7. HP: 71/75 MP: 10/10
  4212 | D:4      | Found a broken altar of Ashenzari.
  4219 | D:4      | Identified the +6 hand axe of the Writhing Shrike {speed,
                  | rElec rPois Int-5 Dex+6}
  4382 | D:4      | Noticed Grinder
  4387 | D:4      | Noticed Natasha
  4391 | D:4      | Killed Grinder
  4395 | D:4      | Killed Natasha
  4396 | D:4      | Reached skill level 8 in Fighting
  4479 | D:4      | Reached skill level 5 in Axes
  4487 | D:4      | Noticed Natasha
  4496 | D:4      | HP: 3/80 [poisoned by a killer bee]
  4501 | D:4      | HP: 2/120 [killer bee (5)]
  4504 | D:4      | Slain by a killer bee

Illustrated notes

Levels and vault maps discovered:
D:1:      dpeg_arrival_pond, layout_basic,
          hellmonk_ecumenical_altar_watching_god, hangedman_decor_diamond_cutter
D:2:      layout_basic, item_on_display_a, uniq_jessica
D:3:      layout_rooms, nicolae_sif_muna_little_library, serial_shops, shop,
          chequers_serial_rivers_micro_d, uniq_crazy_yiuf_cottage
D:4:      kennysheep_spiral_hall, layout_basic, nicolae_ashenzari_panopticon,
          uniq_natasha, uniq_grinder, uniq_robin

Skill      XL: |  1  2  3  4  5  6  7 |
---------------+----------------------+-----
Fighting       | 3 4 5 6 7 8 |  8.1
Maces & Flails | 2 3 |  3.2
Axes           | 1 3 5 |  5.2
Throwing       | |  1.0
Dodging        | |  2.1
Spellcasting   | |  2.4
Translocations | |  2.6

Action                   |  1- 3 |  4- 6 |  7- 9 || total
-------------------------+-------+-------+-------++-------
Melee: Mace              |   121 |    94 |       ||   215
       Broad axe         |       |    69 |    36 ||   105
Throw: Boomerang         |     1 |       |       ||     1
  Use: Potion            |       |       |     6 ||     6
Armor: Robe              |    46 |    52 |     7 ||   105
       Skin              |       |       |    11 ||    11
Dodge: Dodged            |    65 |    93 |    23 ||   181

Table legend: (Time is in decaauts)
 A = Elapsed time spent in this place.
 B = Non-inter-level travel time spent in this place.
 C = Inter-level travel time spent in this place.
 D = Time resting spent in this place.
 E = Time spent auto-exploring this place.
 F = Levels seen in this place.
 G = Mean time per level.
                   A        B        C        D        E       F      G
               +--------+--------+--------+--------+--------+-----+--------+
         Total |   4611 |   4469 |    142 |    206 |   3185 |   4 | 1152.8 |
       Dungeon |   4611 |   4469 |    142 |    206 |   3185 |   4 | 1152.8 |
               +--------+--------+--------+--------+--------+-----+--------+

Top non-repeatable levels by time:
     D:1: 1555 daAuts
     D:2: 1162 daAuts
     D:3: 1037 daAuts
     D:4: 856 daAuts
